Map: Thunderbird LE

Players

Kelazhur - Winner!

  • Race: Terran Terran
  • Spawn Location: 11:00

Bly

  • Race: Zerg Zerg
  • Spawn Location: 5:00

Event: 2019 WCS Summer

VOD

Have the link to the VOD?

Description

Time

  • Played on: July 12, 2019, 3:09 p.m.
  • Length: 8:30

All games in this series

Show
View Real Time Build Order
Export as new Build Order

Kelazhur Terran - Winner!

Build Orders:  

Get SALT Encoding   

  12  0:00  SCV  
  13  0:12  SCV  
  14  0:17  Supply Depot  
  14  0:24  SCV  
  15  0:38  SCV  
  15  0:41  Barracks  
  16  0:42  Refinery  
  16  0:50  SCV  
  17  1:02  Barracks  
  17  1:03  SCV  
  18  1:15  SCV  
  19  1:23  Barracks  
  19  1:28  Reaper  
  20  1:36  Orbital Command  
  20  1:44  Refinery  
  20  1:48  Reaper  
  20  1:53  Supply Depot  
  21  2:01  SCV  
  21  2:03  Reaper  
  23  2:15  SCV, Reaper  
  25  2:18  Supply Depot  
  25  2:25  Reaper  
  25  2:27  SCV  
  27  2:36  Reaper  
  28  2:38  Bunker  
  28  2:39  SCV  
  29  2:47  Reaper  
  30  2:55  SCV  
  30  2:57  Marine  
  31  3:06  Factory  
  31  3:07  SCV  
  31  3:08  Marine  
  34  3:20  SCV  
  34  3:26  Bunker  
  34  3:30  Supply Depot  
  34  3:33  Reaper  
  34  3:35  Reaper  
  34  3:38  Reaper  
  34  3:46  SCV  
  35  3:51  Factory Tech Lab  
  35  3:58  SCV  
  33  4:05  Reaper  
  33  4:07  Marine  
  35  4:10  Marine  
  33  4:19  Cyclone  
  35  4:24  SCV  
  35  4:36  SCV  
  35  4:48  SCV  
  35  5:00  SCV  
  35  5:03  Cyclone  
  35  5:05  Starport  
  39  5:12  Supply Depot  
  39  5:31  Command Center  
  39  5:34  SCV  
  40  5:46  SCV  
  39  5:58  SCV  
  40  6:09  Banshee, Cloaking Field  
  40  6:10  SCV  
  42  6:21  Supply Depot  
  42  6:22  SCV  
  43  6:29  Marine x2  
  43  6:30  Marine  
  43  6:32  Factory Tech Lab  
  45  6:35  SCV  
  46  6:48  SCV  
  47  6:54  Banshee  
  47  7:00  Marine x2, SCV  
  47  7:01  Siege Tank  
  57  7:02  Barracks Tech Lab  
  57  7:03  Command Center  
  57  7:07  Orbital Command  
  56  7:12  SCV  
  56  7:22  Marine  
  56  7:23  Marine  
  56  7:27  Bunker, SCV  
  59  7:31  Marine  
  59  7:33  SCV  
  61  7:38  Siege Tank  
  61  7:39  SCV  
  61  7:40  Marine, Banshee  
  69  7:46  SCV  
  70  7:57  Supply Depot  
  70  7:58  Supply Depot  
  70  8:06  Barracks Reactor  
  70  8:13  Barracks Reactor  
  70  8:14  SCV x2  
Show
View Real Time Build Order
Export as new Build Order

Bly Zerg 

Build Orders: Hatch First, Ravager All-In 

Get SALT Encoding   

  12  0:01  Drone  
  13  0:13  Drone  
  14  0:36  Hatchery  
  13  0:50  Spawning Pool  
  13  0:54  Drone  
  13  0:58  Drone  
  14  1:08  Extractor  
  14  1:09  Drone  
  14  1:10  Extractor  
  13  1:24  Overlord  
  13  1:37  Roach Warren  
  12  1:40  Drone x2  
  14  1:56  Drone  
  16  2:17  Roach x3  
  22  2:23  Roach  
  25  2:30  Roach  
  25  2:39  Overlord  
  25  2:55  Roach  
  25  2:57  Ravager  
  28  3:11  Roach x2  
  32  3:13  Ravager x3  
  35  3:29  Overlord  
  32  3:49  Roach x3  
  35  4:02  Ravager  
  27  4:07  Ravager  
  17  4:18  Drone x2  
  19  4:32  Drone x2  
  18  4:50  Drone  
  19  5:02  Drone  
  17  5:09  Drone  
  18  5:17  Drone  
  19  5:37  Roach  
  19  5:38  Roach  
  19  5:39  Queen  
  23  5:53  Drone  
  24  5:59  Drone x3  
  27  6:12  Drone  
  26  6:19  Overlord  
  26  6:33  Overlord x2  
  26  6:48  Ravager  
  27  6:55  Ravager  
  27  6:56  Drone x3  
  31  7:04  Drone  
  32  7:19  Drone  
  32  7:20  Drone x2  
  35  7:26  Spore Crawler  
  34  7:36  Overlord  
  32  7:56  Drone x5  
  37  8:03  Ravager x2  
  38  8:08  Spore Crawler  
  38  8:09  Ravager  
Tags
 
Add a new tag
Caveats
  • Supply blocks, unpowered buildings, or Contaminate may cause inaccurate times.
  • Supply counts are checked every 10 seconds.